 Dungeon Crawl Stone Soup version 0.22-a0-460-g49b1da7 (webtiles) character file.

32 saradell the Chucker (level 3, 0/22 HPs)
             Began as a Kobold Hunter on June 6, 2018.
             Succumbed to a kobold's poison
             ... on level 1 of the Dungeon on June 9, 2018.
             The game lasted 00:19:58 (1051 turns).

saradell the Chucker (Kobold Hunter)                Turns: 1051, Time: 00:19:58

Health: 0/22       AC:  4    Str: 10    XL:     3   Next: 45%
Magic:  3/3        EV: 15    Int: 12    God:
Gold:   11         SH:  0    Dex: 15    Spells: 2/2 levels left

rFire    . . .     SeeInvis .   i - +1 whip (venom)
rCold    . . .     Gourm    .   (shield restricted)
rNeg     . . .     Faith    .   b - +1 leather armour
rPois    .         Spirit   .   (no helmet)
rElec    .         Reflect  .   (no cloak)
rCorr    .         Harm     .   (no gloves)
MR       .....                  (no boots)
Stlth    ++........             (no amulet)
HPRegen  0.07/turn              (no ring)
MPRegen  0.08/turn              (no ring)

@: lethally poisoned (0 -> -2)
A: small, carnivore
a: no special abilities


You were on level 1 of the Dungeon.
You were not hungry.

You visited 1 branch of the dungeon, and saw 1 of its levels.

You collected 11 gold pieces.

Inventory:

Hand Weapons
 a - a +0 short sword
 i - a +1 whip of venom (weapon)
Missiles
 c - 10 tomahawks (quivered)
 d - 2 throwing nets
 g - 21 stones
Armour
 b - a +1 leather armour (worn)
 e - a +0 scale mail
Scrolls
 h - 2 scrolls of blinking
Comestibles
 f - a ration


   Skills:
 + Level 2.5 Fighting
 + Level 1.6 Short Blades
 + Level 4.8 Throwing
 + Level 0.5 Armour
 + Level 2.7 Dodging
 + Level 1.3 Stealth


You had 2 spell levels left.
You didn't know any spells.
Your spell library was empty.

Dungeon Overview and Level Annotations

Branches:
Dungeon (1/15)

Altars:


Innate Abilities, Weirdness & Mutations

You are small and have problems with some larger weapons.
You are carnivorous and can eat meat at any time.


Message History

You feel sick.
You feel sick.
* * * LOW HITPOINT WARNING * * *
You feel sick.
There is a lethal amount of poison in your body!
There is a lethal amount of poison in your body!
* * * LOW HITPOINT WARNING * * *
You feel sick.
* * * LOW HITPOINT WARNING * * *
You feel sick.
* * * LOW HITPOINT WARNING * * *
You feel sick.
There is a lethal amount of poison in your body!
* * * LOW HITPOINT WARNING * * *
You feel sick.
* * * LOW HITPOINT WARNING * * *
You feel sick.
* * * LOW HITPOINT WARNING * * *
You feel sick.
You die...

#.#.#
#.#.#
#.#.#
#.#.#
#.#.#
#.#.#
#.#.#
#.#.#
#@#.#
#.#.#
#.#.#
#.#.#
#.#.#
#.#.#
#.#.#
#.#.#
#...#


There were no monsters in sight!

Vanquished Creatures
  A dart slug (D:1)
  A leopard gecko (D:1)
  3 bats (D:1)
  A giant cockroach (D:1)
  A goblin (D:1)
  7 hobgoblins (D:1)
  2 jackals (D:1)
  3 kobolds (D:1)
  A ball python (D:1)
  A frilled lizard (D:1)
  5 rats (D:1)
26 creatures vanquished.

Notes
Turn   | Place    | Note
-------+----------+-------------------------------------------
     0 | D:1      | saradell the Kobold Hunter began the quest for the Orb.
     0 | D:1      | Reached XP level 1. HP: 12/12 MP: 1/1
    52 | D:1      | Upgraded the game from 0.22-a0-456-g11ed031 to 0.22-a0-460-g49b1da7
   115 | D:1      | Reached XP level 2. HP: 1/18 MP: 2/2
   777 | D:1      | Reached skill level 1 in Short Blades
   793 | D:1      | Reached XP level 3. HP: 16/22 MP: 3/3
  1047 | D:1      | HP: 1/22 [poisoned by a kobold]
  1051 | D:1      | Succumbed to a kobold's poison

Vault maps used:
D:1:      dpeg_arrival_renting, serial_bayou_pond_d

Skill      XL: |  1  2 |
---------------+-------+-----
Short Blades   | 1 |  1.6
Fighting       | |  2.5
Throwing       | |  4.8
Armour         | |  0.5
Dodging        | |  2.7
Stealth        | |  1.3

Action                   || total
-------------------------++-------
Melee: Short sword       ||   130
  Use: Scroll            ||     2
 Stab: Sleeping          ||     1
  Eat: Ration            ||     1
Armor: Leather armour    ||    44
Dodge: Dodged            ||   124

Table legend:
 A = Spawn XP
 B = Non-spawn XP
 C = Spawn XP percentage of total XP
 D = Spawn monster count
 E = Non-spawn monster count
 F = Spawn count percentage of total count
 G = Total turns spent on level
                    A         B        C        D         E        F      G
               +---------+---------+-------+---------+---------+-------+---------
         Total |       0 |      47 |   0.0 |       0 |      26 |   0.0 |  1051
               +---------+---------+-------+---------+---------+-------+---------
           D:1 |       0 |      47 |   0.0 |       0 |      26 |   0.0 |  1051
               +---------+---------+-------+---------+---------+-------+---------
